AoeStats
← leorssu

Fortress

510015850Analyzed
4v4 RM · 2d ago on Sep 29, 2026· 45m 44s· 8 players
Game mode
Random Map
Map size
Huge
Population
200
Speed
Normal
Resources
Standard
Victory
Conquest
Starting age
Dark Age
Ending age
Imperial Age
RankedLock teamsTeams togetherTeam positionsShared explorationLock speedFull tech treeHidden civsTurbo modeCheats
Victory
Defeat
🇺🇾 Hindustanis · Uruguay
978
+8
🇦🇷 Turks · Argentina
890
+12
🇦🇷 Varangians · Argentina
844
+13
🇺🇾 Danes · Uruguay
754
+18
🇩🇪 Khmer · Germany
814
-14
🇹🇼 Portuguese · Taiwan
805
-13
🇺🇸 Magyars · United States
803
-13
🇲🇽 Teutons · Mexico
741
-11
-Z-Wolftrap-Z-
2:28 Loom
9:05 Feudal Age
14:53 Castle Age
12:50 Double-Bit Axe
14:36 Fletching
14:43 Stone Mining
14:47 Gold Mining
14:40 Horse Collar
16:57 Bow Saw
20:50 Scale Barding Armor
21:26 Gold Shaft Mining
27:43 Chain Barding Armor
36:24 Thumb Ring
39:18 Bodkin Arrow
39:23 Padded Archer Armor
41:44 Ballistics
43:14 Leather Archer Armor
44:33 Masonry
2022aoe2
0:31 Loom
8:39 Feudal Age
10:18 Double-Bit Axe
10:17 Horse Collar
10:33 Gold Mining
17:40 Castle Age
19:23 Bow Saw
19:33 Heavy Plow
22:47 Imperial Age
20:42 Fletching
21:15 Stone Mining
21:32 Town Watch
23:42 Wheelbarrow
老多金仙人
0:53 Loom
7:26 Feudal Age
8:03 Double-Bit Axe
12:54 Castle Age
11:14 Horse Collar
12:01 Fletching
12:16 Stone Mining
13:56 Gold Mining
19:01 Wheelbarrow
18:41 Fervor
20:20 Treadmill Crane
21:01 Ballistics
21:12 Fortified Wall
27:48 Imperial Age
25:32 Crossbowman
26:09 Bodkin Arrow
26:55 Thumb Ring
28:29 Bracer
29:55 Arbalester
33:41 Chemistry
33:18 Padded Archer Armor
35:05 Conscription
37:25 Light Cavalry
38:19 Bloodlines
38:10 Husbandry
38:18 Scale Barding Armor
38:24 Forging
39:28 Arquebus
39:45 Leather Archer Armor
40:04 Chain Barding Armor
julian_venom
0:40 Loom
7:07 Feudal Age
8:26 Wheelbarrow
7:38 Double-Bit Axe
7:35 Horse Collar
16:37 Castle Age
14:40 Stone Mining
16:28 Gold Mining
18:25 Hand Cart
18:23 Bow Saw
18:23 Heavy Plow
22:33 Caravan
28:56 Imperial Age
28:43 Scale Barding Armor
31:54 Husbandry
32:08 Bloodlines
35:20 Chain Barding Armor
35:27 Double Crossbow
37:27 Heavy Scorpion
39:26 Ballistics
c.t_19
9:32 Feudal Age
13:37 Castle Age
14:44 Squires
15:18 Scale Mail Armor
15:32 Gold Mining
15:30 Double-Bit Axe
15:39 Horse Collar
23:31 Imperial Age
21:39 Wheelbarrow
22:01 Bow Saw
24:04 Hand Cart
23:38 Loom
24:13 Hand Cart
25:40 Gold Shaft Mining
25:29 Conscription
27:36 Town Watch
29:35 Chemistry
32:36 Fletching
34:19 Bloodlines
34:18 Grand Trunk Road
34:48 Siege Engineers
35:09 Scale Barding Armor
35:13 Heavy Camel Rider
35:56 Husbandry
36:42 Chain Barding Armor
38:39 Masonry
39:10 Hoardings
40:35 Plate Barding Armor
41:06 Forging
40:37 Imperial Camel Rider
43:23 Iron Casting
44:39 Town Patrol
45:09 Conscription
leorssu
9:59 Feudal Age
11:33 Double-Bit Axe
13:58 Castle Age
18:51 Imperial Age
19:58 Gold Mining
31:24 Conscription
33:44 Wheelbarrow
32:54 Town Watch
32:55 Loom
39:05 Caravan
JoaKo_uy
6:36 Loom
13:33 Feudal Age
15:47 Wheelbarrow
21:47 Castle Age
21:44 Fletching
22:00 Scale Mail Armor
22:11 Forging
24:51 Hand Cart
24:27 Town Watch
31:32 Hamask
32:47 Chain Mail Armor
33:13 Iron Casting
37:56 Bodkin Arrow
41:00 Imperial Age
42:27 Onager
42:39 Onager
44:00 Caravan
QueMatracaAriel
8:33 Feudal Age
9:53 Double-Bit Axe
14:48 Castle Age
12:40 Horse Collar
13:01 Gold Mining
14:17 Forging
15:06 Loom
16:19 Wheelbarrow
16:04 Heavy Plow
24:03 Iron Casting
24:10 Bow Saw
25:19 Bloodlines
25:10 Husbandry
25:17 Scale Mail Armor
25:25 Scale Barding Armor
25:49 Stone Mining
26:36 Chain Barding Armor
27:17 Hand Cart
31:56 Imperial Age
31:57 Elite Jarl
32:58 Conscription
33:41 Blast Furnace
33:17 Plate Barding Armor
32:33 Town Watch
36:10 Town Patrol
38:22 Murder Holes
38:38 Masonry
40:59 Squires
40:20 Elite Varangian Guard
41:43 Scale Mail Armor
41:51 Arson
42:50 Treadmill Crane
43:41 Architecture
43:29 Chain Mail Armor
43:12 Gothikon
44:50 Plate Mail Armor
Connection lost

Rejoining the realm…

Still unreachable

The connection could not be restored.

Session expired

The server has moved on; the page needs a fresh start.